 Dungeon Crawl Stone Soup version 0.23.1 (webtiles) character file.

Game seed: 12203845464430730967

100 poirepourri the Magician (level 4, 0/24 HPs)
             Began as a Deep Elf Conjurer on Mar 6, 2019.
             Slain by an orc warrior
             ... wielding a +0 trident
              (17 damage)
             ... on level 3 of the Dungeon.
             The game lasted 00:03:15 (2351 turns).

poirepourri the Magician (Deep Elf Conjurer)        Turns: 2351, Time: 00:03:16

Health: 0/24       AC:  2    Str:  5      XL:     4   Next: 47%
Magic:  3/14       EV: 13    Int: 21      God:
Gold:   131        SH:  0    Dex: 13 (15) Spells: 2/16 levels left

rFire    . . .     SeeInvis .   d - +1 dagger (venom)
rCold    . . .     Gourm    .   (no shield)
rNeg     . . .     Faith    .   a - +0 robe
rPois    .         Spirit   .   (no helmet)
rElec    .         Reflect  .   (no cloak)
rCorr    .         Harm     .   (no gloves)
MR       .....                  (no boots)
Stlth    ++........             (no amulet)
HPRegen  0.08/turn              (no ring)
MPRegen  0.14/turn              (no ring)

@: berserk cooldown, very slightly contaminated, slowed, very slow
A: no striking features
a: no special abilities


You were on level 3 of the Dungeon.
You were not hungry.

You visited 1 branch of the dungeon, and saw 3 of its levels.

You collected 131 gold pieces.

Inventory:

Hand Weapons
 d - a +1 dagger of venom (weapon)
Armour
 a - a +0 robe (worn)
Scrolls
 e - 2 scrolls of remove curse
 k - a scroll of amnesia
Potions
 b - a potion of heal wounds {unknown}
 h - a potion of ambrosia
 j - a potion of agility {unknown}
 l - a potion of haste {unknown}
Comestibles
 c - a ration


   Skills:
 - Level 2.4 Dodging
 - Level 2.4 Stealth
 + Level 6.5 Spellcasting
 - Level 4.3 Conjurations


You had 2 spell levels left.
You knew the following spells:

 Your Spells              Type           Power        Failure   Level  Hunger
a - Magic Dart            Conj           ####         1%          1    None
b - Searing Ray           Conj           ####..       2%          2    None
c - Dazzling Spray        Conj/Hex       ###...       12%         3    #......
d - Iskenderun's Mystic   Conj           ####....     16%         4    ###....
e - Force Lance           Conj/Tloc      ###.....     36%         4    ###....

Your spell library contained the following spells:

 Spells                   Type           Power        Failure   Level  Hunger
 Fulminant Prism          Conj/Hex       ###.......   36%         4    ###....


Dungeon Overview and Level Annotations

Branches:
Dungeon (3/15)

Altars:
Okawaru
Trog


Message History

It was a potion of berserk rage.
A red film seems to cover your vision as you go berserk!
You feel yourself moving faster!
You feel mighty! The orc barely misses you. The rat bites you.
* * * LOW HITPOINT WARNING * * *
You hit the rat.
You kill the rat!
The orc closely misses you.
You see here a rat corpse.
You feel a strong urge to attack something.
A goblin comes into view. It is wielding a +0 club.
Found a scroll of identify.
You feel your anger nearly subside.
You are no longer berserk.
You are exhausted.
You feel yourself slow down.
It was a potion of curing.
You feel better. The goblin completely misses you.
You feel better. The goblin hits you with a +0 club.
The orc warrior hits you from afar with a +0 trident!
Ouch! That really hurt!
You die...

# ?. #....# # ### #### ..
#....# . #.. ..# .# #.#....#
## ###.# #.# .# #.....)## .
...####.#####.# #.......## #
#..#..ooo.†o..#####...#......
#
#....##o####o......#.......##
# #..####.#
#.#####.##......). #
#..o..(.# #@# ##.....##
#####.####### #g# ....#####
§o.o..# #.# #......###
####### ... .......... #..
.#.##.### #.## #.# # #.. .#
#..###(#


You could see an orc warrior, an orc and a goblin.

Vanquished Creatures
  Robin (D:2)
  2 adders
  2 worms (D:2)
  A dart slug (D:1)
  7 bats
  4 giant cockroaches
  14 goblins
  10 hobgoblins
  2 quokkas (D:2)
  3 frilled lizards
  7 kobolds
  5 rats
58 creatures vanquished.

Notes
Turn   | Place    | Note
-------+----------+-------------------------------------------
     0 | D:1      | poirepourri the Deep Elf Conjurer began the quest for the
                  | Orb.
     0 | D:1      | Reached XP level 1. HP: 10/10 MP: 6/6
   198 | D:1      | Reached skill level 4 in Spellcasting
   198 | D:1      | Reached XP level 2. HP: 14/15 MP: 2/9
   202 | D:1      | Learned a level 2 spell: Searing Ray
   954 | D:2      | Reached skill level 5 in Spellcasting
   954 | D:2      | Reached XP level 3. HP: 18/19 MP: 3/11
  1216 | D:2      | Learned a level 3 spell: Dazzling Spray
  1482 | D:2      | Noticed Robin
  1488 | D:2      | Killed Robin
  1488 | D:2      | Reached XP level 4. HP: 14/24 MP: 5/13
  1489 | D:2      | Reached skill level 6 in Spellcasting
  1590 | D:2      | Learned a level 4 spell: Iskenderun's Mystic Blast
  1595 | D:2      | Learned a level 4 spell: Force Lance
  1825 | D:2      | Found an iron altar of Okawaru.
  1833 | D:2      | Found a bloodstained altar of Trog.
  2319 | D:3      | Noticed an orc warrior
  2351 | D:3      | Slain by an orc warrior

Skill      XL: |  1  2  3  4 |
---------------+-------------+-----
Spellcasting   | 4 5 6 |  6.5
Dodging        | |  2.4
Stealth        | |  2.4
Conjurations   | |  4.3

Action                   |  1- 3 |  4- 6 || total
-------------------------+-------+-------++-------
Melee: Dagger            |       |     4 ||     4
 Cast: Magic Dart        |    61 |    23 ||    84
       Searing Ray       |     5 |     3 ||     8
       Iskenderun's Myst |       |     5 ||     5
  Use: Scroll            |     6 |     4 ||    10
       Potion            |       |     3 ||     3
  Eat: Ration            |     1 |     1 ||     2
Armor: Robe              |     3 |     4 ||     7
Dodge: Dodged            |     3 |    22 ||    25
